 Dungeon Crawl Stone Soup version 0.30-a0-634-g8abc85282e (webtiles) character file.

Game seed: 28387862681806188

65 Sabo the Ducker (level 4, 0/33 HPs)
             Began as a Djinni Gladiator on Jan 14, 2023.
             Slain by Sigmund
             ... wielding a +0 scythe
              (8 damage)
             ... on level 2 of the Dungeon.
             The game lasted 00:08:32 (1206 turns).

Sabo the Ducker (Djinni Gladiator)                  Turns: 1206, Time: 00:08:32

Health: 0/33       AC:  4    Str: 13    XL:     4   Next: 35%
Gold:   90         EV: 13    Int: 11    God:
                   SH:  0    Dex: 15

rFire   + + .      SeeInvis .    a - +0 war axe
rCold   x . .      Faith    .    (no shield)
rNeg    . . .      Spirit   .    b - +0 leather armour
rPois   ∞          Reflect  .    c - +0 helmet
rElec   .          Harm     .    (no cloak)
rCorr   .          Rampage  .    (no gloves)
Will    .....                    (boots unavailable)
Stlth   +                        f - amulet of regeneration
HPRegen 1.05/turn                (no ring)
MPRegen 0.00/turn                (no ring)

@: flying
A: sickness immunity, fire resistance 2, cold vulnerability 1, float, innate
caster, HP casting, extra vitality 1
a: no special abilities


You were on level 2 of the Dungeon.
You visited 1 branch of the dungeon, and saw 2 of its levels.

You collected 90 gold pieces.

Inventory:

Hand Weapons
 a - a +0 war axe (weapon)
 h - a +0 sling
Missiles
 d - 3 throwing nets
 e - 7 javelins (quivered)
 l - 6 atropa-tipped darts
Armour
 b - a +0 leather armour (worn)
 c - a +0 helmet (worn)
Jewellery
 f - an amulet of regeneration (around neck)
Scrolls
 g - a scroll of enchant armour {unknown}
 n - a scroll of noise {unknown}
 o - a scroll of identify {unknown}
 p - a scroll of teleportation {unknown}
 q - 2 scrolls of immolation {unknown}
Potions
 i - a potion of resistance {unknown}
 j - 2 potions of curing {unknown}
 k - a potion of attraction {unknown}
 m - a potion of invisibility {unknown}


   Skills:
 + Level 2.3 Fighting
 + Level 3.4 Axes
 + Level 1.7 Throwing
 + Level 0.9 Armour
 + Level 3.6 Dodging
 + Level 0.1 Spellcasting


You had 2 spell levels left.
You knew the following spells:

 Your Spells              Type           Power      Damage    Failure   Level
a - Necrotise             Necr           0%         1d4       38%         1
Your spell library was empty.

Dungeon Overview and Level Annotations

Branches:
Dungeon (2/15)

Altars:

Annotations:
D:2 Sigmund


Innate Abilities, Weirdness & Mutations

You are immune to sickness and miasma.
You are immune to poison.
Your flesh is very heat resistant. (rF++)
You are vulnerable to cold. (rC-)
You float through the air rather than walking.
You learn spells naturally, not from books.
Your magical power is your life essence.
You have superior vitality. (+4 MHP)


Message History

The bat barely misses you. The bat hits you.
* * * LOW HITPOINT WARNING * * *
The bat hits you but does no damage. The bat closely misses you.
The bat hits you.
* * * LOW HITPOINT WARNING * * *
The bat misses you.
You miss the bat. The bat misses you.
A bat is nearby!
A bat is nearby!
You slash the bat!
You kill the bat!
You start resting.
Your magical contamination has completely faded away.
You start resting.
HP restored.
Found an escape hatch in the floor.
There is an escape hatch in the floor here.
Sigmund the Dreaded comes into view.
He is wielding a +0 scythe.
Found a scroll labelled ENOKISE WUHEVVE.
Found a stone staircase leading up.
Sigmund shouts!
Sigmund gestures at you while chanting. The puff of flame hits you. You resist.
Sigmund casts a spell.
Sigmund flickers and vanishes!
Deactivating autopickup; reactivate with Ctrl-A.
Something hits you.
You hit something. Something hits you. Something completely misses you.
There is a stone staircase leading up here.
Something hits you but does no damage. Something hits you!
You slash something! You miss something. Something hits you!
You hit something. Something hits you.
You barely miss something. Something hits you!
* * * LOW HITPOINT WARNING * * *
You hit something. Something hits you!
You die...

#.#.# #.#.#
#...#
+#######...#
.........#
#.#.....#
#......?## #
#..@...# ###
###...<..# ...
#......#.# ##
#.#.####.# .#
#.#.# # .#
#.#.. .#
#.#### .#
#########>#
.###.........#


There were no monsters in sight!

Vanquished Creatures
  A gnoll (D:1)
  An adder (D:2)
  A worm (D:2)
  3 dart slugs (D:1)
  4 ball pythons
  3 bats
  2 endoplasms (D:1)
  A giant cockroach (D:1)
  5 goblins
  4 hobgoblins (D:1)
  3 kobolds (D:1)
  A quokka (D:1)
  9 rats (D:1)
38 creatures vanquished.

Vanquished Creatures (others)
  2 fungi (D:1)
  A plant (D:1)
3 creatures vanquished.

Grand Total: 41 creatures vanquished

Notes
Turn   | Place    | Note
-------+----------+-------------------------------------------
     0 | D:1      | Sabo the Djinni Gladiator began the quest for the Orb.
     0 | D:1      | Reached XP level 1. HP: 18/18 MP: 0/0
    98 | D:1      | Reached XP level 2. HP: 23/23 MP: 0/0
   183 | D:1      | Found a faded altar of an unknown god.
   211 | D:1      | Got Plato's Octavo of Orogeny
   275 | D:1      | Reached XP level 3. HP: 26/28 MP: 0/0
   275 | D:1      | Learned a level 1 spell: Necrotise
   711 | D:1      | Reached XP level 4. HP: 33/33 MP: 0/0
  1190 | D:2      | Noticed Sigmund
  1206 | D:2      | Slain by Sigmund

Illustrated notes

Levels and vault maps discovered:
D:1:      elethiomel_arrival_diamonds, layout_loops_ring,
          shapermc_ecumenical_altar_rom_forum, serial_rivers,
          chequers_serial_rivers_small_b, chequers_serial_rivers_micro_a,
          chequers_serial_rivers_large_a, chequers_serial_rivers_room_b,
          minmay_box_of_dots
D:2:      layout_loops_cross, grunt_decor_junction, minivault_25, uniq_natasha,
          uniq_jessica, uniq_sigmund

Skill      XL: |  1  2  3 |
---------------+----------+-----
Axes           | 3 |  3.4
Fighting       | |  2.3
Throwing       | |  1.7
Armour         | |  0.9
Dodging        | |  3.6
Spellcasting   | |  0.1

Action                   |  1- 3 |  4- 6 || total
-------------------------+-------+-------++-------
Melee: War axe           |    59 |    35 ||    94
 Cast: Necrotise         |       |    14 ||    14
Armor: Leather armour    |    20 |    14 ||    34
Dodge: Dodged            |    46 |    44 ||    90

Table legend: (Time is in decaauts)
 A = Elapsed time spent in this place.
 B = Non-inter-level travel time spent in this place.
 C = Inter-level travel time spent in this place.
 D = Time resting spent in this place.
 E = Time spent auto-exploring this place.
 F = Levels seen in this place.
 G = Mean time per level.
                   A        B        C        D        E       F      G
               +--------+--------+--------+--------+--------+-----+--------+
         Total |   1238 |   1238 |      0 |    143 |      0 |   2 |  619.0 |
       Dungeon |   1238 |   1238 |      0 |    143 |      0 |   2 |  619.0 |
               +--------+--------+--------+--------+--------+-----+--------+

Top non-repeatable levels by time:
     D:1: 1032 daAuts
     D:2: 206 daAuts
